 Dungeon Crawl Stone Soup version 0.19.0-2-gae57169 (webtiles) character file.

105 lorenzova the Conjurer (level 4, -7/24 HPs)
             Began as a Deep Elf Conjurer on Nov 6, 2016.
             Killed by nerve-wracking pain
             ... invoked by Grinder
              (12 damage)
             ... while paralysed by Grinder
             ... on level 3 of the Dungeon.
             The game lasted 00:05:17 (2686 turns).

lorenzova the Conjurer (Deep Elf Conjurer)          Turns: 2686, Time: 00:05:18

Health: -7/24      AC:  6    Str:  5    XL:     4   Next: 54%
Magic:  4/13       EV:  2    Int: 21    God:
Gold:   97         SH:  0    Dex: 15    Spells: 2 memorised, 8 levels left

rFire  . . .     SeeInvis .     (no weapon)
rCold  . . .     Gourm    .     a - +0 robe
rNeg   . . .     Faith    .     (no shield)
rPois  .         Spirit   .     (no helmet)
rElec  .         Reflect  .     (no cloak)
rCorr  .         Harm     .     (no gloves)
MR     .....                    (no boots)
Stlth  ++........               (no amulet)
                                (no ring)
                                m - +4 ring of protection

@: paralysed
A: no striking features
a: no special abilities


You were on level 3 of the Dungeon.
You were very hungry.

You visited 1 branch of the dungeon, and saw 3 of its levels.

You collected 97 gold pieces.

Inventory:

Armour
 a - a +0 robe (worn)
Jewellery
 m - a +4 ring of protection (left hand)
Scrolls
 e - 2 scrolls of remove curse {unknown}
 g - 2 scrolls of enchant weapon {unknown}
 h - a scroll of blinking {unknown}
 i - a scroll of enchant armour {unknown}
 j - 2 scrolls of identify {unknown}
 l - a scroll of teleportation {unknown}
 n - a scroll of noise {unknown}
 q - a scroll of magic mapping {unknown}
Potions
 f - a potion of might {unknown}
 o - 2 potions of brilliance {unknown}
 p - 2 potions of haste
 r - 2 potions of curing {unknown}
 s - a potion of lignification {unknown}
 t - a potion of ambrosia {unknown}
 u - a potion of invisibility {unknown}
Books
 b - a book of Conjurations

   Spells                             Type                      Level
   a - Magic Dart                     Conjuration                  1
   b - Searing Ray                    Conjuration                  2
   c - Dazzling Spray                 Conjuration/Hexes            3
   d - Fulminant Prism                Conjuration/Hexes            4
   e - Iskenderun's Mystic Blast      Conjuration                  4
   f - Iskenderun's Battlesphere      Conjuration/Charms           5
Comestibles
 c - 2 bread rations
 d - a beef jerky


   Skills:
 - Level 2.5 Dodging
 - Level 2.6 Stealth
 + Level 5.0 Spellcasting
 + Level 5.5 Conjurations


You had 8 spell levels left.
You knew the following spells:

 Your Spells              Type           Power        Failure   Level  Hunger
a - Magic Dart            Conj           ####         1%          1    None
b - Iskenderun's Mystic   Conj           ####....     14%         4    ####...


Dungeon Overview and Level Annotations

Branches:
Dungeon (3/15)

Altars:
Fedhas

Annotations:
D:3 Grinder


Message History

A jackal comes into view.
A jackal comes into view.
A jackal comes into view.
Grinder gestures at you.
You suddenly lose the ability to move!
The jackal barks!
Grinder says, "What is the universe for?"
Grinder gestures at you. Pain shoots through your body!
The jackal barks!
Grinder gestures at you. Pain shoots through your body!
Ouch! That really hurt!
* * * LOW HITPOINT WARNING * * *
The jackal barks! x2
The jackal bites you but does no damage.
Grinder gestures at you. Pain shoots through your body!
Ouch! That really hurt!
You die...

#..5.#########.##.##.#
#.......#......##.##.#
#.##.##.#............#
.....##.#.....###.####
#.##.##.#....h# #.#
#.......#.....###.#
####.###......##..#
#.# #.#......5##
#.###.#.....h@#
#.##.#.....##.#
#.#.###.##.##.# #..##
##......#
####.#.###....##<#
...#....#...####.#
##.#####.#.......#
.#.# ####.###### .#.#
##.##


You could see Grinder and a jackal.

Vanquished Creatures
  Jessica (D:3)
  3 adders
  An ooze (D:2)
  A worm (D:2)
  A dart slug (D:2)
  An orc (D:3)
  A ball python (D:2)
  7 hobgoblins
  4 kobolds (D:1)
  2 quokkas (D:2)
  6 bats
  5 frilled lizards
  5 goblins
  7 rats
45 creatures vanquished.

Notes
Turn   | Place    | Note
-------+----------+-------------------------------------------
     0 | D:1      | lorenzova the Deep Elf Conjurer began the quest for the Orb.
     0 | D:1      | Reached XP level 1. HP: 10/10 MP: 6/6
   475 | D:1      | Reached XP level 2. HP: 15/15 MP: 6/8
  1171 | D:2      | Reached XP level 3. HP: 19/19 MP: 8/10
  1194 | D:2      | Reached skill level 5 in Conjurations
  1805 | D:3      | Noticed Grinder
  1853 | D:3      | Paralysed by Grinder for 2 turns
  1931 | D:3      | Reached XP level 4. HP: 9/24 MP: 2/12
  2264 | D:3      | Noticed Jessica
  2267 | D:3      | Killed Jessica
  2293 | D:3      | Learned a level 4 spell: Iskenderun's Mystic Blast
  2603 | D:3      | Found a blossoming altar of Fedhas.
  2662 | D:3      | Reached skill level 5 in Spellcasting
  2681 | D:3      | Paralysed by Grinder for 7 turns
  2686 | D:3      | Killed from afar by Grinder

Skill      XL: |  1  2  3  4 |
---------------+-------------+-----
Conjurations   | 5 |  5.5
Spellcasting   | 4 5 |  5.0
Dodging        | |  2.5
Stealth        | |  2.6

Action                   |  1- 3 |  4- 6 || total
-------------------------+-------+-------++-------
Melee: Unarmed           |     6 |       ||     6
 Cast: Magic Dart        |    90 |    12 ||   102
       Iskenderun's Myst |       |     2 ||     2
  Use: Potion            |       |     1 ||     1
  Eat: Chunk             |     2 |     1 ||     3
       Pizza             |       |     1 ||     1
Armor: Robe              |     1 |     3 ||     4
Dodge: Dodged            |    12 |     7 ||    19
